 Dungeon Crawl Stone Soup version 0.32-a0-900-g30fb1b0 (webtiles) character file.

Game seed: 6804871640132338265

1176 Dorkslayer the Chopper (level 8, -2/54 HPs)
             Began as an Octopode Fighter on Apr 5, 2024.
             Was an Initiate of Dithmenos.
             Slain by an orc wizard
             ... wielding a +0 dagger
              (4 damage)
             ... on level 6 of the Dungeon.
             The game lasted 00:12:52 (5050 turns).

Dorkslayer the Chopper (Octopode Fighter)           Turns: 5050, Time: 00:12:53

Health: -2/54      AC:  1    Str: 17    XL:     8   Next: 41%
Magic:  8/8        EV: 12    Int: 10    God:    Dithmenos [......]
Gold:   227        SH:  4    Dex: 12    Spells: 7/7 levels left

rFire   . . .        a - +0 war axe (heavy)
rCold   . . .        b - +0 buckler
rNeg    . . .        (helmet restricted)
rPois   .            (no amulet)
rElec   .            (no ring)
rCorr   .            (no ring)
SInv    .            (no ring)
Will    .....        (no ring)
Stlth   ++++         (no ring)
HPRegen 0.29/turn    (no ring)
MPRegen 0.11/turn    (no ring)
                     (no ring)

%: no passive effects
@: no status effects
A: almost no armour, amphibious, 8 rings, camouflage 1, gelatinous body 1,
(nimble swimmer 1), tentacles
a: Renounce Religion


You were on level 6 of the Dungeon.
You worshipped Dithmenos.
Dithmenos was noncommittal.
You visited 2 branches of the dungeon, and saw 7 of its levels.

You collected 227 gold pieces.

Inventory:

Hand Weapons
 a - a +0 heavy war axe (weapon)
Missiles
 h - a curare-tipped dart (quivered)
 n - 6 javelins
Armour
 b - a +0 buckler (worn)
 e - a +0 tower shield
Talismans
 g - a flux talisman
Wands
 k - a wand of paralysis (11)
Scrolls
 c - 3 scrolls of teleportation
 d - 4 scrolls of blinking
 j - a scroll of poison
 m - a scroll of identify
 o - a scroll of revelation
 p - a scroll of brand weapon
Potions
 f - a potion of magic
 i - a potion of curing
 l - a potion of lignification


   Skills:
 + Level 4.5 Fighting
 + Level 6.3 Axes
 + Level 0.2 Throwing
 + Level 4.0 Dodging
 + Level 5.2 Stealth
 + Level 3.6 Shields
 * Level 2.0 Evocations
 + Level 3.1 Shapeshifting


You had 7 spell levels left.
You didn't know any spells.
Your spell library contained the following spells:

 Spells                   Type           Power      Damage    Failure   Level
 Freeze                   Ice            0%         1d3       43%         1
 Frozen Ramparts          Ice            0%         1d1       82%         3
 Hailstorm                Conj/Ice       0%         3d5       82%         3
 Inner Flame              Hex/Fire       0%         N/A       82%         3
 Flame Wave               Conj/Fire      0%         2d4       99%         4
 Sticky Flame             Fire/Alch      0%         2d4       99%         4
 Summon Blazeheart Golem  Fire/Summ      0%         N/A       99%         4
 Orb of Destruction       Conj           0%         9d5       100%        7
 Spellforged Servitor     Conj/Summ      0%         N/A       100%        7


Dungeon Overview and Level Annotations

Branches:
Dungeon (6/15)             Temple (1/1) D:6

Altars:
Ashenzari
Cheibriados
Dithmenos
Elyvilon
Fedhas
Gozag
Kikubaaqudgha
Makhleb
Nemelex Xobeh
Qazlal
Ru
Sif Muna
Trog
Uskayaw
Vehumet
Wu Jian
Xom
Yredelemnul
Zin
The Shining One

Shops:
D:3 :   D:4 =

Annotations:
D:6 3 runed translucent doors, aor's ghost, novice OpMo


Innate Abilities, Weirdness & Mutations

You cannot wear most types of armour.
You are amphibious.
You can wear up to eight rings at the same time.
Your skin changes colour to match your surroundings (Stealth+).
Your rubbery body absorbs attacks. (AC +1, EV +1)
((You are camouflaged when in or above water. (Stealth+)))
You have tentacles for arms and can constrict up to eight enemies at once.


Message History

The orc wizard hits you with a +0 dagger.
There is an open door here.
Things that are here:
a +0 dagger; a +0 robe You closely miss the orc wizard.
Your squeeze misses the orc wizard.
You feel less confused.
The orc wizard hits you with a +0 dagger.
* * * LOW HITPOINT WARNING * * *
The orc wizard barely misses you.
You hit the orc wizard. Your grab misses the orc wizard.
The orc wizard is lightly wounded.
The orc wizard hits you with a +0 dagger.
* * * LOW HITPOINT WARNING * * *
You block the orc wizard's attack.
You barely miss the orc wizard. Your grab misses the orc wizard.
The orc wizard is lightly wounded.
The orc wizard casts a spell.
The orc wizard flickers and vanishes!
Deactivating autopickup; reactivate with Ctrl-A.
Something hits you.
* * * LOW HITPOINT WARNING * * *
You feel better.
You hear some strange, mumbled words.
A magic dart appears from out of thin air!
The magic dart hits you.
* * * LOW HITPOINT WARNING * * *
You feel better. Something completely misses you.
You barely miss something. Something hits you.
You miss something. Your squeeze misses something. Something hits you.
* * * LOW HITPOINT WARNING * * *
Something hits you.
* * * LOW HITPOINT WARNING * * *
You miss something. Something hits you.
* * * LOW HITPOINT WARNING * * *
Something hits you.
* * * LOW HITPOINT WARNING * * *
You miss something. Something hits you.
* * * LOW HITPOINT WARNING * * *
Something hits you.
You die...

......#...#......# .)...#.......
......#####..###.#############+##
#..........###≈###..†......#
#.........##≈≈≈≈≈##........+
#......).##≈≈≈≈≈≈≈##.......#
#........#≈≈....≈≈≈#.......#
).......##≈.####~~≈###.....######
..§§....# ##$.##ß.#.ß...........
≈≈§§≈≈..# #_..{@...)............
≈≈≈≈§≈§.# ##..##ß.#.ß...........
≈≈>§≈§..##≈.####~~≈###...........
§≈ß_§§...#≈≈....≈≈≈##............
≈§≈≈§§...##≈≈≈≈≈≈≈######+########
≈≈≈≈≈§....##≈≈≈≈≈##
.........[.###≈## ###.........###
###.........#


There were no monsters in sight!

Vanquished Creatures
  A black bear (D:6)
  3 phantoms
  A scorpion (D:6)
  A howler monkey (D:5)
  3 orc priests
  A gnoll bouda (D:6)
  4 hounds
  2 sleepcaps (D:6)
  2 iguanas (D:4)
  6 orc wizards
  5 gnolls (D:6)
  12 adders
  A white imp (D:5)
  3 dart slugs
  A ribbon worm (D:2)
  22 orcs
  2 ball pythons
  7 endoplasms
  4 giant cockroaches
  4 goblins
  10 hobgoblins
  8 kobolds
  5 quokkas
  4 bats
  2 frilled lizards
  2 rats
116 creatures vanquished.

Notes
Turn   | Place    | Note
-------+----------+-------------------------------------------
     0 | D:1      | Dorkslayer the Octopode Fighter began the quest for the
                  | Orb.
     0 | D:1      | Reached XP level 1. HP: 16/16 MP: 1/1
    23 | D:1      | Found a faded altar of an unknown god.
   189 | D:1      | Reached XP level 2. HP: 21/21 MP: 2/2
   687 | D:2      | Reached XP level 3. HP: 21/26 MP: 3/3
   707 | D:2      | Reached skill level 1 in Shapeshifting
   715 | D:2      | HP: 1/26 [frozen (3)]
   863 | D:2      | Reached XP level 4. HP: 31/31 MP: 4/4
   983 | D:2      | Reached skill level 3 in Axes
  1044 | D:2      | Reached skill level 1 in Stealth
  1049 | D:2      | Found a sparkling altar of Nemelex Xobeh.
  1391 | D:3      | Reached XP level 5. HP: 12/36 MP: 5/5
  1576 | D:3      | Found Cummeile's Book Boutique.
  1849 | D:3      | Found a faded altar of an unknown god.
  1853 | D:3      | Found a radiant altar of Vehumet.
  2136 | D:3      | Found a white marble altar of Elyvilon.
  2457 | D:4      | Reached skill level 4 in Axes
  2462 | D:4      | Found Xieggesi's Jewellery Shop.
  2599 | D:4      | Reached XP level 6. HP: 42/42 MP: 6/6
  2605 | D:4      | Identified the +0 leather armour of Snakes and Ladders
                  | {Str+2 Int+9 Dex-2}
  2669 | D:4      | Found a shimmering altar of Xom.
  2669 | D:4      | Found a shimmering altar of Xom.
  3318 | D:5      | Entered Level 5 of the Dungeon
  3345 | D:5      | Reached skill level 5 in Axes
  3417 | D:5      | Reached XP level 7. HP: 46/47 MP: 7/7
  3455 | D:5      | Identified the +11 quarterstaff "Xearusypti" {freeze,
                  | rCorr}
  3854 | D:5      | Found a basalt altar of Yredelemnul.
  3860 | D:5      | Found a glowing silver altar of Zin.
  3860 | D:5      | Found an ancient bone altar of Kikubaaqudgha.
  4192 | D:6      | Found a burning altar of Makhleb.
  4262 | D:6      | Reached XP level 8. HP: 8/54 MP: 8/8
  4535 | D:6      | Reached skill level 6 in Axes
  4538 | D:6      | Reached skill level 5 in Stealth
  4695 | D:6      | Found a runed translucent gate.
  4695 | D:6      | Found a runed translucent gate.
  4695 | D:6      | Found a runed translucent gate.
  4696 | D:6      | Noticed aor's ghost (novice OpMo)
  4892 | D:6      | Reached skill level 1 in Evocations
  4927 | D:6      | Found a staircase to the Ecumenical Temple.
  4933 | Temple   | Entered the Ecumenical Temple
  4947 | Temple   | Became a worshipper of Dithmenos the Shadowed
  5031 | D:6      | Found a shimmering blue altar of Sif Muna.
  5050 | D:6      | HP: 2/54 [something (2)]
  5050 | D:6      | Slain by an orc wizard

Illustrated notes

Levels and vault maps discovered:
D:1:      minmay_arrival_up_and_down, layout_basic,
          ebering_ecumenical_altar_sacrificial
D:2:      layout_loops_ring, basic_altar, minmay_fractal_squares_5
D:3:      layout_basic, nicolae_overflow_ecumenical_swirl,
          mainiacjoe_overflow_alcove_4, serial_shops, shop
D:4:      layout_basic, xom_redecorated, minmay_misc_feat_plants, st_stairs_14,
          nicolae_take_the_stairs
D:5:      layout_loops_ring, grunt_temple_overflow_open,
          small_statue_intersection, roderic_lattice_a
D:6:      layout_gridville, kennysheep_orc_sif_temple, general_overflow_altar,
          minmay_temple_entry_tees, ebering_ghost_rock_garden,
          nicolae_lava_and_water, kennysheep_generic_room_3
Temple:   hellmonk_temple_flake

Skill      XL: |  1  2  3  4  5  6  7  8 |
---------------+-------------------------+-----
Shapeshifting  | 1 2 3 |  3.1
Axes           | 3 4 5 6 |  6.3
Stealth        | 1 2 3 4 5 |  5.2
Fighting       | 4 |  4.5
Dodging        | 4 |  4.0
Evocations     | 2 |  2.0
Throwing       | |  0.2
Shields        | |  3.6

Action                     |  1- 3 |  4- 6 |  7- 9 || total
---------------------------+-------+-------+-------++-------
  Melee: War axe           |    40 |    80 |    73 ||   193
         Constrict         |    10 |    27 |    19 ||    56
         Tentacles         |     8 |    15 |    22 ||    45
  Throw: Dart              |       |       |     2 ||     2
    Use: Potion            |     3 |     1 |     6 ||    10
         Scroll            |       |     9 |     3 ||    12
   Stab: Sleeping          |     3 |     8 |     3 ||    14
         Distracted        |       |     2 |     1 ||     3
         Invisible         |       |       |     1 ||     1
 Armour: Skin              |    24 |    38 |    64 ||   126
  Dodge: Dodged            |    32 |    43 |    47 ||   122
  Block: Buckler           |     6 |    13 |    17 ||    36

Table legend: (Time is in decaauts)
 A = Elapsed time spent in this place.
 B = Non-inter-level travel time spent in this place.
 C = Inter-level travel time spent in this place.
 D = Time resting spent in this place.
 E = Time spent auto-exploring this place.
 F = Levels seen in this place.
 G = Mean time per level.
                   A        B        C        D        E       F      G
               +--------+--------+--------+--------+--------+-----+--------+
         Total |   5142 |   5142 |      0 |      0 |   3149 |   7 |  734.6 |
       Dungeon |   5114 |   5114 |      0 |      0 |   3149 |   6 |  852.3 |
        Temple |     27 |     27 |      0 |      0 |      0 |   1 |   27.0 |
               +--------+--------+--------+--------+--------+-----+--------+

Top non-repeatable levels by time:
     D:3: 1038 daAuts
     D:4: 977 daAuts
     D:5: 872 daAuts
     D:6: 872 daAuts
     D:1: 677 daAuts
     D:2: 676 daAuts
  Temple: 27 daAuts
